 Dungeon Crawl Stone Soup version 0.30-a0-651-g0755cc6dcf (webtiles) character file.

Game seed: 12803508049499742825

1 Fenrisus the Caller (level 1, 0/7 HPs)
             Began as a Felid Summoner on Jan 17, 2023.
             Slain by a kobold
             ... wielding a +0 short sword
              (3 damage)
             ... on level 1 of the Dungeon.
             The game lasted 00:00:50 (60 turns).

Fenrisus the Caller (Felid Summoner)                  Turns: 60, Time: 00:00:51

Health: 0/7        AC:  1    Str:  4    XL:     1   Next: 16%
Magic:  2/4        EV: 17    Int: 16    God:
Gold:   0          SH:  0    Dex: 16    Spells: 3/4 levels left
                                        Lives:  0   Deaths: 0

rFire   . . .      SeeInvis +    (weapon unavailable)
rCold   . . .      Faith    .    (shield unavailable)
rNeg    . . .      Spirit   .    (body armour unavailable)
rPois   .          Reflect  .    (helmet unavailable)
rElec   .          Harm     .    (cloak unavailable)
rCorr   .          Rampage  .    (gloves unavailable)
Will    .....                    (boots unavailable)
Stlth   ++                       (no amulet)
HPRegen 0.21/turn                (no ring)
MPRegen 0.09/turn                (no ring)

@: quick
A: very small, claws 1, fangs 3, see invisible, speed 1, shaggy fur 1, stealthy
paws, no weapons or thrown items, no armour, multi-lived
a: no special abilities


You were on level 1 of the Dungeon.
You visited 1 branch of the dungeon, and saw 1 of its levels.

Inventory:

Potions
 a - a potion of magic


   Skills:
 + Level 2.7 Dodging
 + Level 2.7 Stealth
 + Level 2.0 Spellcasting
 + Level 4.0 Summonings


You had 3 spell levels left.
You knew the following spells:

 Your Spells              Type           Power      Damage    Failure   Level
a - Summon Small Mammal   Summ           56%        N/A       4%          1

Your spell library contained the following spells:

 Spells                   Type           Power      Damage    Failure   Level
 Call Imp                 Summ           14%        N/A       6%          2
 Call Canine Familiar     Summ           14%        N/A       12%         3
 Summon Guardian Golem    Hex/Summ       8%         N/A       26%         3
 Summon Lightning Spire   Summ/Air       8%         N/A       65%         4


Dungeon Overview and Level Annotations

Branches:
Dungeon (1/15)

Altars:


Innate Abilities, Weirdness & Mutations

You have sharp claws.
You have razor-sharp teeth.
You have supernaturally acute eyesight. (SInv)
You cover ground quickly. (Speed+)
You are covered in fur. (AC +1)
Your paws help you pounce on unaware monsters.
You are incapable of wielding weapons or throwing items.
You cannot wear armour.
You gain extra lives every three experience levels.


Message History

Your bat hits the hobgoblin but does no damage.
Your bat hits the bat. The bat barely misses your bat.
What are your orders? t - Meow!
Orders for allies: a - Attack new target. p - Attack previous target. r - Retreat! s - Stop attacking. g - Guard the area. f - Follow me.
Anything else - Cancel.
Gang up on whom?
Press: ? - help, Dir - move target, f - hobgoblin, p - bat
Aim: a hobgoblin (ally target) Attack!
Your bat closely misses the hobgoblin.
Your bat hits the hobgoblin but does no damage. x2
The bat hits you.
* * * LOW HITPOINT WARNING * * *
The hobgoblin misses you.
The kobold hits your bat with a +0 short sword.
Your bat hits the kobold but does no damage.
The bat misses you.
Your bat closely misses the hobgoblin.
Your bat hits the hobgoblin but does no damage.
The bat closely misses your bat.
Your bat closely misses the kobold.
The bat barely misses your bat.
Your bat hits the hobgoblin but does no damage.
Your bat barely misses the bat.
The bat hits you but does no damage.
Your bat hits the hobgoblin but does no damage.
The hobgoblin hits your bat.
Your bat dies!
Your bat's corpse disappears in a puff of smoke!
Your bat hits the kobold but does no damage.
The hobgoblin shouts!
The bat hits you but does no damage.
Your magical contamination has completely faded away.
The bat completely misses you.
Your bat completely misses the kobold.
The bat barely misses you. The kobold misses you. The hobgoblin misses you.
The bat closely misses you.
Your bat misses the kobold. The bat closely misses you.
The hobgoblin closely misses you.
The kobold hits you with a +0 short sword.
You die...

###### ....
#.########
####b@.......
#...gKb.#####
#.......# #
####.......#
#)#..........##
#.#.##........##
#......†...##..#
###.#.#######''#
#.......# #..#


You could see a hobgoblin, a bat, a kobold (ally target) and a friendly bat
(summoned).

Vanquished Creatures (collateral kills)
  A hobgoblin (D:1)
1 creature vanquished.

Notes
Turn   | Place    | Note
-------+----------+-------------------------------------------
     0 | D:1      | Fenrisus the Felid Summoner began the quest for the Orb.
     0 | D:1      | Reached XP level 1. HP: 7/7 MP: 4/4
    60 | D:1      | Slain by a kobold

Illustrated notes

Levels and vault maps discovered:
D:1:      lightli_arrival_lavapool, layout_basic,
          ebering_ecumenical_altar_petrified, minmay_pentomino_w4

Action                   || total
-------------------------++-------
 Cast: Summon Small Mamm ||     4
Armor: Skin              ||     3
Dodge: Dodged            ||    12

Table legend: (Time is in decaauts)
 A = Elapsed time spent in this place.
 B = Non-inter-level travel time spent in this place.
 C = Inter-level travel time spent in this place.
 D = Time resting spent in this place.
 E = Time spent auto-exploring this place.
 F = Levels seen in this place.
 G = Mean time per level.
                   A        B        C        D        E       F      G
               +--------+--------+--------+--------+--------+-----+--------+
         Total |     53 |     35 |     18 |      0 |      0 |   1 |   53.0 |
       Dungeon |     53 |     35 |     18 |      0 |      0 |   1 |   53.0 |
               +--------+--------+--------+--------+--------+-----+--------+

Top non-repeatable levels by time:
     D:1: 53 daAuts
